 Dungeon Crawl Stone Soup version 0.24.0-125-gc4c63601f3 (webtiles) character file.

Game seed: 16588815339456664633, levelgen mode: deterministic

529 Descartes the Chopper (level 7, -4/55 HPs)
             Began as a Formicid Chaos Knight on Feb 28, 2020.
             Was a Plaything of Xom.
             Killed from afar by an orc wizard (7 damage)
             ... with a magic dart
             ... on level 4 of the Dungeon.
             The game lasted 00:04:46 (2251 turns).

Descartes the Chopper (Formicid Chaos Knight)       Turns: 2251, Time: 00:04:48

Health: -4/55      AC:  6    Str: 19    XL:     7   Next: 48%
Magic:  7/7        EV: 18    Int: 11    God:    Xom [..*...]
Gold:   151        SH:  0    Dex: 15    Spells: 6/6 levels left

rFire    . . .     SeeInvis +   a - +0 hand axe (chaos)
rCold    + . .     Gourm    .   (no shield)
rNeg     . . .     Faith    .   w - +1 leather armour {rC+}
rPois    .         Spirit   .   (helmet unavailable)
rElec    .         Reflect  .   i - +1 cloak
rCorr    .         Harm     .   (no gloves)
MR       .....                  (no boots)
Stlth    ++........             x - amulet of magic regeneration
HPRegen  0.18/turn              (no ring)
MPRegen  0.35/turn              (no ring)

@: agile
A: permanent stasis, dig shafts and tunnels, four strong arms, antennae 3
a: Dig, Shaft Self, Renounce Religion


You were on level 4 of the Dungeon.
You worshipped Xom.
You were a toy of Xom.
You were not hungry.

You visited 1 branch of the dungeon, and saw 4 of its levels.

You collected 151 gold pieces.

Inventory:

Hand Weapons
 a - a +0 hand axe of chaos (weapon)
Missiles
 d - 25 poisoned darts (quivered)
 e - 197 stones
 n - 10 arrows
 z - 28 sling bullets
Armour
 b - a +2 leather armour
 i - a +1 cloak (worn)
 w - a +1 leather armour of cold resistance (worn)
Jewellery
 o - an uncursed amulet of the acrobat
 u - an uncursed amulet of the gourmand
 x - an amulet of magic regeneration (around neck)
 A - a +3 amulet of reflection {unknown}
Scrolls
 f - a scroll of fear {unknown}
 k - 3 scrolls of remove curse {unknown}
 l - 6 scrolls of teleportation {unknown}
 m - 5 scrolls of magic mapping {unknown}
 p - 2 scrolls of immolation {unknown}
 q - a scroll of fog {unknown}
 s - 2 scrolls of enchant armour {unknown}
 v - 3 scrolls of identify {unknown}
 y - a scroll of amnesia {unknown}
Potions
 g - a potion of ambrosia {unknown}
 h - 2 potions of might {unknown}
 j - a potion of flight {unknown}
 r - 3 potions of curing
 t - 2 potions of degeneration {unknown}
 C - a potion of lignification {unknown}
Comestibles
 c - 8 rations
 B - 2 chunks of flesh


   Skills:
 + Level 4.9 Fighting
 * Level 5.5 Axes
 + Level 4.2 Armour
 + Level 3.0 Dodging


You had 6 spell levels left.
You didn't know any spells.
Your spell library was empty.

Dungeon Overview and Level Annotations

Branches:
Dungeon (4/15)
 Temple: D:4-7

Altars:
Ru


Innate Abilities, Weirdness & Mutations

You cannot be hasted, slowed, berserked, paralysed or teleported.
You can dig through walls and to a lower floor.
Your four strong arms can wield two-handed weapons with a shield.
You have a pair of large antennae on your head. (SInv)


Message History

A hound skeleton comes into view.
The orc priest barely misses you.
The hound skeleton moves out of view.
You hit the orc priest but do no damage.
The orc priest is severely wounded.
You hit the orc. You freeze the orc. The orc completely misses you.
The orc priest casts a cantrip, but nothing happens.
The orc priest hits you with a +0 mace.
* * * LOW HITPOINT WARNING * * *
An orc comes into view.
An orc and an orc wizard come into view.
The orc barely misses you.
The orc priest hits your butterfly with a +0 mace.
Your butterfly dies!
An iguana comes into view.
The orc closely misses you.
A howler monkey skeleton comes into view.
The orc wizard points at you and mumbles some strange words.
The magic dart hits you!
You die...
Xom snickers!

..........##.........
..........##.........
..........##.....#...
.l................#
..
....o.........#...# .
..............#...#
............b.###.#
...o..bo....b.## .#
........@)O....# .
..........oo...####.
...........o......#
.#####....##o.....#
#######.oZ...#
.......# ....{..##
.......!..
....o.......


You could see an ogre, an iguana, 2 orc priests, 2 orc wizards, 4 orcs and a
howler monkey skeleton.

Vanquished Creatures
  Grinder (D:3)
  Sigmund (D:2)
  Terence (D:3)
  A worker ant (D:4)
  4 adders
  An ooze (D:2)
  3 worms (D:2)
  2 dart slugs (D:2)
  A leopard gecko (D:1)
  4 orcs
  A giant cockroach (D:2)
  13 goblins
  5 hobgoblins
  3 jackals (D:1)
  8 kobolds
  9 bats
  5 frilled lizards
  4 rats
67 creatures vanquished.

Notes
Turn   | Place    | Note
-------+----------+-------------------------------------------
     0 | D:1      | Descartes the Formicid Chaos Knight began the quest for the
                  | Orb.
     0 | D:1      | Reached XP level 1. HP: 18/18 MP: 1/1
   122 | D:1      | Reached skill level 1 in Dodging
   128 | D:1      | Reached XP level 2. HP: 18/24 MP: 2/2
   143 | D:1      | XOM: divination: magic mapping
   378 | D:1      | XOM: divination: detect creatures
   385 | D:1      | Reached XP level 3. HP: 6/29 MP: 3/3
   474 | D:1      | XOM: harmless Fire miscast
   935 | D:2      | XOM: noise
  1025 | D:2      | Reached XP level 4. HP: 25/37 MP: 4/4
  1091 | D:2      | Noticed Sigmund
  1117 | D:2      | Killed Sigmund
  1117 | D:2      | Reached skill level 4 in Axes
  1117 | D:2      | Reached XP level 5. HP: 33/43 MP: 5/5
  1117 | D:2      | Reached XP level 6. HP: 38/49 MP: 6/6
  1205 | D:2      | XOM: harmless Pois miscast
  1281 | D:2      | XOM: harmless Air miscast
  1312 | D:2      | XOM: divination: detect creatures
  1585 | D:3      | Noticed Terence
  1594 | D:3      | Killed Terence
  1740 | D:3      | XOM: divination: magic mapping
  1803 | D:3      | Found a sacrificial altar of Ru.
  1804 | D:3      | Noticed Grinder
  1807 | D:3      | XOM: enchant monster (good)
  1827 | D:3      | XOM: blink monster(s)
  1850 | D:3      | Killed Grinder
  1850 | D:3      | Reached skill level 5 in Axes
  1850 | D:3      | Reached XP level 7. HP: 25/55 MP: 7/7
  1930 | D:3      | XOM: medium Air miscast
  2169 | D:4      | XOM: noise
  2243 | D:4      | XOM: harmless Necr miscast
  2247 | D:4      | XOM: potion effect (agility)
  2247 | D:4      | XOM: butterfly on damage
  2251 | D:4      | Killed from afar by an orc wizard

Levels and vault maps discovered:
D:1:      dpeg_arrival_chambers_temple_mockup, layout_basic
D:2:      layout_rooms, uniq_sigmund
D:3:      layout_basic, nicolae_ru_awakened_eye, minmay_cupped, uniq_grinder,
          uniq_terence
D:4:      layout_basic

Skill      XL: |  1  2  3  4  5  6  7 |
---------------+----------------------+-----
Dodging        | 1 2 3 |  3.0
Fighting       | 4 |  4.9
Axes           | 4 5 |  5.5
Armour         | 3 4 |  4.2

Action                   |  1- 3 |  4- 6 |  7- 9 || total
-------------------------+-------+-------+-------++-------
Melee: Hand axe          |   122 |   112 |    19 ||   253
 Stab: Petrified         |       |     5 |       ||     5
  Eat: Chunk             |     1 |     2 |     2 ||     5
Armor: Leather armour    |    53 |    27 |     6 ||    86
Dodge: Dodged            |    73 |    66 |    14 ||   153
